 Dungeon Crawl Stone Soup version 0.24-a0-762-gca426f56c8 (webtiles) character file.

Game seed: 9128802433676877123, levelgen mode: deterministic

33 Arixos the Ducker (level 3, 0/15 HPs)
             Began as a Felid Transmuter on Oct 2, 2019.
             Slain by an adder (5 damage)
             ... on level 3 of the Dungeon.
             The game lasted 00:03:16 (952 turns).

Arixos the Ducker (Felid Transmuter)                 Turns: 952, Time: 00:03:16

Health: 0/15       AC:  1    Str:  7    XL:     3   Next: 12%
Magic:  7/7        EV: 18    Int: 14    God:
Gold:   67         SH:  0    Dex: 16    Spells: 5/6 levels left
                                        Lives:  0   Deaths: 0

rFire    . . .     SeeInvis +     - Unarmed
rCold    . . .     Gourm    .   (shield unavailable)
rNeg     . . .     Faith    .   (armour unavailable)
rPois    .         Spirit   .   (helmet unavailable)
rElec    .         Reflect  .   (cloak unavailable)
rCorr    .         Harm     .   (gloves unavailable)
MR       .....                  (boots unavailable)
Stlth    ++........             (no amulet)
HPRegen  0.05/turn              (no ring)
MPRegen  0.10/turn              (no ring)

@: quick
A: very small, no armour, no weapons or thrown items, stealth, claws 1, fangs 3,
see invisible, carnivore, speed 1, shaggy fur 1, slow metabolism 1, sharp paws
a: no special abilities


You were on level 3 of the Dungeon.
You were completely stuffed.

You visited 1 branch of the dungeon, and saw 3 of its levels.

You collected 67 gold pieces.

Inventory:

Missiles
 a - 12 arrows
Jewellery
 d - a +5 ring of strength {unknown}
Scrolls
 b - a scroll of teleportation {unknown}
 f - a scroll of remove curse {unknown}
 g - a scroll of immolation {unknown}
 i - a scroll of amnesia {unknown}
 j - a scroll of random uselessness {unknown}
 k - 2 scrolls of identify {unknown}
 l - 2 scrolls of blinking {unknown}
Potions
 e - 2 potions of curing {unknown}
 h - a potion of heal wounds {unknown}
 m - a potion of cancellation {unknown}
Comestibles
 c - a ration
 n - 3 chunks of flesh


   Skills:
 + Level 1.5 Fighting
 + Level 3.2 Dodging
 + Level 1.6 Stealth
 + Level 3.2 Unarmed Combat
 + Level 2.2 Spellcasting
 + Level 2.4 Transmutations


You had 5 spell levels left.
You knew the following spells:

 Your Spells              Type           Power        Failure   Level  Hunger
a - Beastly Appendage     Tmut           #.....       9%          1    #......

Your spell library contained the following spells:

 Spells                   Type           Power        Failure   Level  Hunger
 Sticks to Snakes         Tmut           #.......     13%         2    ###....
 Spider Form              Tmut/Pois      #.........   38%         3    ###....
 Ice Form                 Ice/Tmut       #.......     80%         4    #####..
 Blade Hands              Tmut           #.........   93%         5    ######.


Dungeon Overview and Level Annotations

Branches:
Dungeon (3/15)

Altars:
Qazlal
Wu Jian


Innate Abilities, Weirdness & Mutations

You cannot wear armour.
You are incapable of wielding weapons or throwing items.
Your paws allow you to move quietly. (Stealth)
You have sharp claws.
You have razor-sharp teeth.
You have supernaturally acute eyesight. (SInv)
You are carnivorous and can eat meat at any time.
You cover ground quickly.
You are covered in fur. (AC +1)
You have a slow metabolism.
Your sharp claws are effective at attacking unaware monsters.


Message History

Ouch! That really hurt!
Your transformation is almost over.
You are too injured to fight recklessly!
The adder bites you.
* * * LOW HITPOINT WARNING * * *
You barely miss the adder. Your headbutt misses the adder.
The adder closely misses you.
You scratch the adder. Your headbutt misses the adder.
The adder is lightly wounded.
The adder barely misses you.
Your horns disappear.
The adder misses you.
There is a stone staircase leading down here.
The adder misses you.
You climb downwards.
An orc comes into view. It is wielding a +0 mace.
There is a stone staircase leading up here.
The adder misses you. The adder bites you.
You die...

##....... .....
......... ....#
#.......#####....#
. .....o..........#
...................
.#..##...##........
...................
#.<..S........
#...##@###....
#...##.# . #...##.#
#...##.# ........
##...##.# ........
...


You could see an adder and an orc (sleeping).

Vanquished Creatures
  An adder (D:2)
  An ooze (D:2)
  A dart slug (D:1)
  A leopard gecko (D:2)
  A giant cockroach (D:1)
  2 goblins (D:1)
  2 hobgoblins
  4 bats (D:1)
  A kobold (D:1)
  4 rats
18 creatures vanquished.

Notes
Turn   | Place    | Note
-------+----------+-------------------------------------------
     0 | D:1      | Arixos the Felid Transmuter began the quest for the Orb.
     0 | D:1      | Reached XP level 1. HP: 9/9 MP: 4/4
   544 | D:1      | Reached XP level 2. HP: 12/12 MP: 4/6
   554 | D:1      | Reached skill level 1 in Stealth
   863 | D:2      | Reached XP level 3. HP: 15/15 MP: 5/7
   885 | D:2      | Found an ornate altar of the Wu Jian Council.
   909 | D:2      | Found a stormy altar of Qazlal.
   952 | D:3      | Slain by an adder

Levels and vault maps discovered:
D:1:      dpeg_arrival_simpleton_a, layout_basic, serial_park_tiny_pond
D:2:      layout_basic, overflow_temple_1_default, lemuel_crystal_altar,
          serial_curves, eino_curves_02, eino_curves_04, uniq_crazy_yiuf_cottage
D:3:      layout_basic, old_standard_altar, cheibriados_altar_1, uniq_terence

Skill      XL: |  1  2 |
---------------+-------+-----
Stealth        | 1 |  1.6
Dodging        | 3 |  3.2
Fighting       | |  1.5
Unarmed Combat | |  3.2
Spellcasting   | |  2.2
Transmutations | |  2.4

Action                   || total
-------------------------++-------
Melee: Unarmed           ||    40
       Headbutt          ||     4
       Bite              ||     3
 Cast: Beastly Appendage ||    11
 Stab: Sleeping          ||     3
  Eat: Chunk             ||     7
Armor: Skin              ||     7
Dodge: Dodged            ||    42

Table legend:
 A = Non-vault XP
 B = Vault XP
 C = Vault XP percentage of total XP
 D = Non-vault monster count
 E = Vault monster count
 F = Vault count percentage of total count
                 A         B        C        D         E       F
            +---------+---------+-------+---------+---------+-------
      Total |      48 |       0 |   0.0 |      18 |       0 |   0.0
            +---------+---------+-------+---------+---------+-------
        D:1 |      20 |       0 |   0.0 |      12 |       0 |   0.0
        D:2 |      28 |       0 |   0.0 |       6 |       0 |   0.0
            +---------+---------+-------+---------+---------+-------
